 Dungeon Crawl Stone Soup version 0.25-a0-110-ge29c8f2358 (console) character file.

Game seed: 16642762665887252513, levelgen mode: deterministic

105 Kagalorn the Slinger (level 5, -4/35 HPs)
             Began as a Halfling Hunter on Nov 20, 2019.
             Slain by a centaur (8 damage)
             ... on level 3 of the Dungeon.
             The game lasted 00:06:14 (2054 turns).

Kagalorn the Slinger (Halfling Hunter)              Turns: 2054, Time: 00:06:14

Health: -4/35      AC:  7    Str: 13    XL:     5   Next: 8%
Magic:  5/5        EV: 13    Int: 10    God:
Gold:   120        SH:  0    Dex: 15    Spells: 4/4 levels left

rFire    . . .     SeeInvis .   b - +0 short sword
rCold    . . .     Gourm    .   (shield restricted)
rNeg     . . .     Faith    .   k - +0 ring mail
rPois    +         Spirit   .   q - +0 helmet
rElec    .         Reflect  .   m - +0 cloak {rPois}
rCorr    .         Harm     .   (no gloves)
MR       .....                  (no boots)
Stlth    +.........             (no amulet)
HPRegen  0.11/turn              (no ring)
MPRegen  0.09/turn              (no ring)

@: no status effects
A: small, mutation resistance 1
a: no special abilities


You were on level 3 of the Dungeon.
You were very hungry.

You visited 1 branch of the dungeon, and saw 3 of its levels.

You collected 120 gold pieces.

Inventory:

Hand Weapons
 a - a +1 hunting sling
 b - a +0 short sword (weapon)
Missiles
 d - 34 sling bullets
 g - 45 stones (quivered)
Armour
 k - a +0 ring mail (worn)
 m - a +0 cloak of poison resistance (worn)
 q - a +0 helmet (worn)
Jewellery
 p - a cursed amulet of inaccuracy {unknown}
Scrolls
 i - 2 scrolls of enchant armour {unknown}
 j - 2 scrolls of identify {unknown}
 o - a scroll of teleportation {unknown}
Potions
 c - a potion of might {unknown}
 e - a potion of ambrosia {unknown}
 h - a potion of cancellation {unknown}
 l - a potion of curing {unknown}
 n - a potion of haste {unknown}
 r - a potion of flight {unknown}
Comestibles
 f - 8 rations


   Skills:
 + Level 2.5 Fighting
 + Level 8.1 Slings
 - Level 2.1 Dodging
 - Level 1.1 Stealth


You had 4 spell levels left.
You didn't know any spells.
Your spell library was empty.

Dungeon Overview and Level Annotations

Branches:
Dungeon (3/15)

Altars:


Innate Abilities, Weirdness & Mutations

You are small and have problems with some larger weapons.
You are somewhat resistant to further mutation.


Message History

The centaur hits you but does no damage.
You hit the centaur.
The centaur is heavily wounded.
The centaur hits you. x2
You hit the centaur.
The centaur is severely wounded.
The centaur hits you. The centaur barely misses you.
You hit the centaur.
The centaur is severely wounded.
The centaur barely misses you.
You hit the centaur.
The centaur is almost dead.
The centaur hits you.
* * * LOW HITPOINT WARNING * * *
The centaur hits you.
* * * LOW HITPOINT WARNING * * *
You hit the centaur.
The centaur is almost dead.
The centaur barely misses you. The centaur hits you!
You die...

#...............#######..
.....##.##...##............
##.........#...........# ##.
...###..######.........#####
##.# #.## ###.#..#........#
. .... .......##........
#...# ##..###.#......<.#
......##..# #...........
#.oc@.# ##..........
#.....##(### #...../....
#..#### #...###.......... .
###..............
######........# ##.[......#
#.......... ###..........
####............


You could see a centaur and an orc.

Vanquished Creatures
  Robin (D:2)
  3 adders
  3 dart slugs
  2 leopard geckos
  3 orcs
  A ball python (D:2)
  A giant cockroach (D:3)
  6 goblins
  16 hobgoblins
  2 kobolds (D:3)
  A quokka (D:3)
  6 bats
  A frilled lizard (D:1)
  5 rats
51 creatures vanquished.

Notes
Turn   | Place    | Note
-------+----------+-------------------------------------------
     0 | D:1      | Kagalorn the Halfling Hunter began the quest for the Orb.
     0 | D:1      | Reached XP level 1. HP: 14/14 MP: 1/1
    28 | D:1      | Reached skill level 6 in Slings
   187 | D:1      | Reached XP level 2. HP: 19/19 MP: 2/2
   688 | D:2      | Noticed Robin
   767 | D:1      | Reached XP level 3. HP: 14/24 MP: 3/3
   866 | D:2      | Reached skill level 7 in Slings
  1402 | D:2      | Killed Robin
  1402 | D:2      | Reached XP level 4. HP: 29/29 MP: 4/4
  1735 | D:3      | Reached skill level 8 in Slings
  2025 | D:3      | Noticed a centaur
  2047 | D:3      | Reached XP level 5. HP: 23/35 MP: 5/5
  2054 | D:3      | Slain by a centaur

Levels and vault maps discovered:
D:1:      dpeg_arrival_more_subterranean_lakeside_camping, layout_loops_ring
D:2:      layout_rooms, minivault_5, kennysheep_generic_room_15, uniq_robin
D:3:      layout_rooms

Skill      XL: |  1  2  3  4 |
---------------+-------------+-----
Slings         | 6 7 8 |  8.1
Fighting       | 2 |  2.5
Dodging        | |  2.1
Stealth        | |  1.1

Action                   |  1- 3 |  4- 6 || total
-------------------------+-------+-------++-------
Melee: Short sword       |   102 |   146 ||   248
 Fire: Hunting sling     |    13 |       ||    13
 Stab: Sleeping          |     2 |     1 ||     3
  Eat: Chunk             |     1 |     2 ||     3
Armor: Leather armour    |     6 |       ||     6
       Ring mail         |    24 |    64 ||    88
Dodge: Dodged            |    80 |   109 ||   189

Table legend:
 A = Non-vault XP
 B = Vault XP
 C = Vault XP percentage of total XP
 D = Non-vault monster count
 E = Vault monster count
 F = Vault count percentage of total count
                 A         B        C        D         E       F
            +---------+---------+-------+---------+---------+-------
      Total |     112 |      38 |  25.3 |      39 |      12 |  23.5
            +---------+---------+-------+---------+---------+-------
        D:1 |      24 |       6 |  20.0 |      11 |       3 |  21.4
        D:2 |      52 |      32 |  38.1 |      16 |       9 |  36.0
        D:3 |      36 |       0 |   0.0 |      12 |       0 |   0.0
            +---------+---------+-------+---------+---------+-------
